 Dungeon Crawl Stone Soup version 0.25.0-26-g0c896c7088 (webtiles) character file.

Game seed: 11765306204164968252

12988 protoss039 the Eclecticist (level 11, -37/54 HPs)
             Began as a Deep Elf Air Elementalist on July 3, 2020.
             Was a Priest of Kikubaaqudgha.
             Killed from afar by a quicksilver dragon (41 damage)
             ... with a bolt of dispelling energy
             ... on level 3 of the Abyss.
             The game lasted 01:10:15 (13417 turns).

protoss039 the Eclecticist (DEAE)                  Turns: 13417, Time: 01:10:20

Health: -37/54     AC:  9    Str:  5    XL:     11   Next: 69%
Magic:  4/42       EV: 13    Int: 30    God:    Kikubaaqudgha [***...]
Gold:   492        SH:  5    Dex: 15    Spells: 24/42 levels left

rFire    + + .     SeeInvis .   t - +3 rapier of the Shoals {venom, MP+9}
rCold    + . .     Gourm    .   (no shield)
rNeg     . . .     Faith    .   I - +2 robe {rF+}
rPois    +         Spirit   .   s - +2 helmet
rElec    +         Reflect  +   h - +0 cloak
rCorr    +         Harm     .   (no gloves)
MR       +....                  C - +0 pair of boots
Stlth    ++........             z - amulet of reflection
HPRegen  0.18/turn              u - +6 ring of intelligence
MPRegen  0.28/turn              (no ring)

@: mighty, sluggish, resistant (expiring), hasted (expiring), lightly drained
A: no striking features
a: Receive Corpses, Renounce Religion


You were on level 3 of the Abyss.
You worshipped Kikubaaqudgha.
Kikubaaqudgha was most pleased with you.
You were not hungry.

You visited 2 branches of the dungeon, and saw 11 of its levels.
You visited the Abyss 2 times.

You collected 492 gold pieces.

Inventory:

Hand Weapons
 t - the +3 rapier of the Shoals (weapon) {venom, MP+9}
   (You found it on level 4 of the Dungeon)

   It poisons the flesh of those it strikes.
   It affects your magic capacity (+9).
 E - a +4 scimitar of flaming
Armour
 h - a +0 cloak (worn)
 s - a +2 helmet (worn)
 C - a +0 pair of boots (worn)
 I - a +2 robe of fire resistance (worn)
Magical Staves
 m - an uncursed staff of conjuration
Jewellery
 u - a +6 ring of intelligence (left hand)
 z - an amulet of reflection (around neck)
Wands
 r - a wand of polymorph (11)
 F - a wand of flame (43)
 G - a wand of iceblast (8)
Scrolls
 k - 4 scrolls of magic mapping
 n - 4 scrolls of remove curse {unknown}
 p - a scroll of fear {unknown}
 q - 2 scrolls of immolation
 w - a scroll of enchant armour {unknown}
 x - 2 scrolls of enchant weapon {unknown}
 y - 3 scrolls of fog {unknown}
 D - a scroll of amnesia {unknown}
Potions
 b - a potion of cancellation {unknown}
 e - 2 potions of curing
 g - 2 potions of berserk rage {unknown}
 i - 3 potions of might
 l - a potion of flight
 v - 2 potions of heal wounds {unknown}
 B - 3 potions of invisibility {unknown}
Miscellaneous
 H - a phantom mirror
Comestibles
 c - 9 rations


   Skills:
 + Level 1.4(1.3) Short Blades
 - Level 2.4(2.3) Dodging
 - Level 2.4(2.3) Stealth
 + Level 16.1(16.0) Spellcasting
 + Level 3.5(3.4) Conjurations
 + Level 3.0(2.9) Necromancy
 + Level 12.9(12.8) Air Magic


You had 24 spell levels left.
You knew the following spells:

 Your Spells              Type           Power        Failure   Level  Hunger
a - Shock                 Conj/Air       ####         1%          1    None
b - Swiftness             Chrm/Air       ######..     1%          2    None
c - Static Discharge      Conj/Air       ######..     1%          3    None
d - Airstrike             Air            #######...   1%          4    None
e - Lightning Bolt        Conj/Air       ######....   1%          5    None
f - Vampiric Draining     Necr           #####.....   1%          3    None

Your spell library contained the following spells:

 Spells                   Type           Power        Failure   Level  Hunger
 Animate Skeleton         Necr           N/A          1%          1    None
 Pain                     Necr           ####         1%          1    None
 Corpse Rot               Necr/Air       N/A          1%          2    None
 Sublimation of Blood     Necr           #####.....   1%          2    None
 Animate Dead             Necr           N/A          5%          4    None
 Dispel Undead            Necr           #####...     5%          4    None
 Agony                    Necr           #####...     16%         5    None
 Excruciating Wounds      Chrm/Necr      ####......   28%         5    None
 Death Channel            Necr           #####.....   65%         6    ###....


Dungeon Overview and Level Annotations

Branches:
Dungeon (10/15)            Temple (1/1) D:6            Lair (0/6) D:8
    Orc (0/2) D:9

Altars:
Ashenzari
Cheibriados
Dithmenos
Elyvilon
Fedhas
Gozag
Hepliaklqana
Kikubaaqudgha
Makhleb
Nemelex Xobeh
Okawaru
Qazlal
Ru
Sif Muna
Trog
Uskayaw
Vehumet
Wu Jian
Xom
Yredelemnul
Zin
The Shining One

Annotations:
D:7 2 exclusions
D:9 1 exclusion


Message History

Unknown command.
Unknown command.
You puncture the efreet!
You kill the efreet!
Kikubaaqudgha accepts your kill.
You feel yourself slow down.
The quicksilver dragon breathes dispelling energy at you.
The bolt of dispelling energy misses you.
Unknown command.
Unknown command.
You see here a +2 scimitar of flaming.
Unknown command.
Unknown command.
You feel yourself speed up.
The quicksilver dragon breathes dispelling energy at you.
The bolt of dispelling energy hits you!!!
Your magical effects are unravelling.
Ouch! That really hurt!
You die...
Kikubaaqudgha rasps: "You have failed me!
Welcome... death!"

## .# ## #
##.# ..#
#.#..# ..
#.@####.# .
#
#....##.#..#
# . ..#.#
##D# .X. #
#. #.## ..#
##X###....#
#..#.#...#
#....#...#
##. ##.. ##
# #..#..# .
.#


You could see a starcursed mass and a quicksilver dragon (catching breath).

Vanquished Creatures
  A two-headed ogre (D:8)
  A wretched star (Abyss:3)
  An unseen horror (D:10)
  3 wizards (D:10)
  An orb spider (Abyss:2)
  3 efreet
  2 ancient zymes (Abyss:2)
  2 raiju
  A hippogriff (D:8)
  4 slime creatures (Abyss:3)
  2 large abominations
  2 small abominations (Abyss:3)
  2 flying skulls (Abyss:2)
  2 fire bats (D:6)
  3 yaks (D:8)
  A ynoxinul (Abyss:2)
  A golden eye (Abyss:3)
  A neqoxec (Abyss:3)
  A hell hound (Abyss:2)
  4 orc warriors
  2 black bears
  A necrophage (D:9)
  4 ice beasts
  5 ogres
  5 sky beasts
  A phantom (D:7)
  4 centaurs
  3 bullfrogs
  5 scorpions
  3 killer bees (D:8)
  8 wights (D:8)
  5 howler monkeys
  2 bullfrog zombies
  2 crimson imps
  4 jellies
  2 quasits
  4 orc priests
  3 hounds
  5 orc wizards
  A centaur skeleton (D:7)
  A bullfrog skeleton (D:4)
  2 iguanas
  5 worker ants
  A hound skeleton (D:7)
  A worker ant zombie (D:8)
  A howler monkey zombie (D:8)
  9 adders
  A shadow imp (D:9)
  An ufetubus (Abyss:3)
  2 adder zombies (D:9)
  9 oozes
  2 adder skeletons
  3 worms
  2 dart slugs
  4 leopard geckos
  41 orcs
  9 bats
  6 giant cockroaches
  7 goblins
  6 hobgoblins
  6 jackals
  18 kobolds
  4 quokkas
  5 frilled lizards
  A jackal skeleton (D:4)
  A jackal zombie (D:5)
  A leopard gecko skeleton (D:4)
  A quokka zombie (D:5)
  2 rats
259 creatures vanquished.

Vanquished Creatures (others)
  A fungus (D:2)
  2 starspawn tentacles (Abyss:3)
  11 toadstools (D:2)
14 creatures vanquished.

Grand Total: 273 creatures vanquished

Notes
Turn   | Place    | Note
-------+----------+-------------------------------------------
     0 | D:1      | protoss039 the Deep Elf Air Elementalist began the quest
                  | for the Orb.
     0 | D:1      | Reached XP level 1. HP: 10/10 MP: 6/6
   179 | D:1      | Reached XP level 2. HP: 14/15 MP: 0/8
   920 | D:1      | Found a basalt altar of Yredelemnul.
  1157 | D:2      | Reached XP level 3. HP: 19/19 MP: 10/10
  1384 | D:2      | Learned a level 2 spell: Swiftness
  1397 | D:2      | Reached skill level 4 in Spellcasting
  2299 | D:2      | Reached XP level 4. HP: 22/24 MP: 7/12
  2504 | D:2      | Learned a level 3 spell: Static Discharge
  2506 | D:2      | Reached skill level 5 in Spellcasting
  2506 | D:2      | Reached XP level 5. HP: 28/28 MP: 4/14
  2892 | D:3      | Learned a level 4 spell: Airstrike
  3303 | D:3      | Reached XP level 6. HP: 32/32 MP: 3/16
  3459 | D:3      | Reached skill level 5 in Air Magic
  3942 | D:4      | Found a sparkling altar of Nemelex Xobeh.
  4021 | D:4      | Got an ancient rapier
  4030 | D:4      | Reached skill level 6 in Spellcasting
  4142 | D:4      | Identified the +3 rapier of the Shoals {venom, MP+9} (You
                  | found it on level 4 of the Dungeon)
  4898 | D:4      | Learned a level 5 spell: Lightning Bolt
  4899 | D:5      | Entered Level 5 of the Dungeon
  4936 | D:5      | Reached XP level 7. HP: 36/36 MP: 19/19
  5048 | D:5      | Reached skill level 7 in Spellcasting
  5583 | D:5      | Found a shadowy altar of Dithmenos.
  5788 | D:5      | Reached skill level 8 in Spellcasting
  5934 | D:6      | Reached XP level 8. HP: 41/41 MP: 17/22
  6105 | D:6      | Found a transporter.
  6132 | D:6      | Found a staircase to the Ecumenical Temple.
  6152 | D:6      | Reached skill level 9 in Spellcasting
  6347 | D:6      | Found a transporter.
  6379 | D:6      | Reached skill level 10 in Spellcasting
  6558 | D:6      | Found a stormy altar of Qazlal.
  6722 | Temple   | Entered the Ecumenical Temple
  6778 | Temple   | Became a worshipper of Kikubaaqudgha
  7036 | D:7      | Reached XP level 9. HP: 28/45 MP: 22/25
  7511 | D:7      | Reached skill level 11 in Spellcasting
  8054 | D:7      | Found a burning altar of Makhleb.
  8923 | D:8      | Reached skill level 12 in Spellcasting
  9040 | D:8      | Reached * piety under Kikubaaqudgha
  9040 | D:8      | Identified Kikubaaqudgha's Guide on Stolen Souls
                  | (Kikubaaqudgha gifted it to you on level 8 of the Dungeon)
  9040 | D:8      | Received a gift from Kikubaaqudgha
  9040 | D:8      | Reached skill level 10 in Air Magic
  9046 | D:8      | Learned a level 3 spell: Vampiric Draining
  9133 | D:8      | Noticed a death yak
  9133 | D:8      | Noticed a death yak
  9133 | D:8      | Noticed a death yak
  9312 | D:8      | Reached skill level 1 in Necromancy
  9569 | D:8      | Found a staircase to the Lair.
  9587 | D:8      | Reached XP level 10. HP: 50/50 MP: 3/28
  9675 | D:8      | Found a radiant altar of Vehumet.
  9675 | D:8      | Found an ornate altar of the Wu Jian Council.
  9676 | D:8      | Found a shattered altar of Ashenzari.
  9777 | D:8      | Reached skill level 1 in Short Blades
  9908 | D:8      | Noticed a two-headed ogre
  9982 | D:8      | Killed a two-headed ogre
  9982 | D:8      | Reached skill level 13 in Spellcasting
 10831 | D:8      | Reached ** piety under Kikubaaqudgha
 11456 | D:9      | Found a staircase to the Orcish Mines.
 11734 | D:10     | Entered Level 10 of the Dungeon
 11822 | D:10     | Noticed a wizard
 11827 | D:10     | Killed an unseen horror
 11827 | D:10     | Reached skill level 14 in Spellcasting
 11929 | D:10     | Cast into level 2 of the Abyss (a wizard)
 12006 | Abyss:2  | Noticed a starcursed mass
 12023 | Abyss:2  | Noticed an orb spider
 12027 | Abyss:2  | Killed an orb spider
 12160 | Abyss:2  | Reached XP level 11. HP: 44/54 MP: 26/31
 12162 | Abyss:2  | Noticed a bone dragon
 12211 | D:10     | Escaped the Abyss
 12215 | D:10     | Noticed a wizard
 12515 | D:10     | Noticed a wizard
 12519 | D:10     | Killed a wizard
 12519 | D:10     | Reached skill level 15 in Spellcasting
 12546 | D:10     | Noticed a wizard
 12549 | D:10     | Killed a wizard
 12554 | D:10     | Noticed a wizard
 12560 | D:10     | Killed a wizard
 12560 | D:10     | Reached *** piety under Kikubaaqudgha
 12560 | D:10     | Identified Kikubaaqudgha's Grimoire of Sinister Rituals
                  | (Kikubaaqudgha gifted it to you on level 10 of the Dungeon)
 12560 | D:10     | Received a gift from Kikubaaqudgha
 12582 | D:10     | Cast into level 3 of the Abyss (a wizard)
 12639 | Abyss:3  | Noticed a wretched star
 12644 | Abyss:3  | Killed a wretched star
 12793 | Abyss:3  | Noticed a large abomination
 12797 | Abyss:3  | Killed a large abomination
 12836 | Abyss:3  | Noticed a hellephant
 12877 | Abyss:3  | Found a corrupted altar of Lugonu.
 13283 | Abyss:3  | Reached skill level 16 in Spellcasting
 13290 | Abyss:3  | Noticed a large abomination
 13348 | Abyss:3  | Noticed a tentacled starspawn
 13351 | Abyss:3  | Noticed a Hell Sentinel
 13384 | Abyss:3  | Noticed a quicksilver dragon
 13404 | Abyss:3  | Noticed a starcursed mass
 13417 | Abyss:3  | Killed from afar by a quicksilver dragon

Illustrated notes

Levels and vault maps discovered:
D:1:      dpeg_arrival_water_altar, layout_basic
D:2:      cheibrodos_fertilizer, layout_basic, first_ration
D:3:      layout_basic
D:4:      layout_loops_ring, nemelex_xobeh_ov_fountains_minmay
D:5:      black_bear_nest_1, layout_rooms, grunt_dithmenos_smoke_and_mirrors
D:6:      gammafunk_cloud_chamber, layout_rooms, nicolae_overflow_hidden_temple,
          minmay_temple_entry_stoned_glass
D:7:      layout_layer_cave, lemuel_coloured_pillars_altar
D:8:      layout_basic, gammafunk_temple_overflow_forgotten, dpeg_lair_monsters
D:9:      layout_rooms, hiddenorc1_lemuel
D:10:     minmay_smoke_and_mirrors, layout_long_grid, grunt_livestock,
          amethyst_killhole, nrook_uturn, corexii_checkpoint_a
Temple:   regret_index_temple_waves
Abyss:3:  base: D:13, nicolae_abyss_rune_star_stuff,
          guppyfry_abyss_exit_glass_guarded, evilmike_abyss_rune_tso_outpost,
          grunt_abyss_rune_forest_and_sorcery, evilmike_abyss_exit_16,
          nicolae_abyss_rune_star_stuff, base: D:13,
          nicolae_abyss_rune_left_handed, grunt_abyss_rune_wretched_hive,
          evilmike_abyss_exit_glass

Skill      XL: |  1  2  3  4  5  6  7  8  9 10 11 |
---------------+----------------------------------+-----
Spellcasting   | 4 5 6 8 10 12 14 16 | 16.1
Air Magic      | 4 5 7 8 10 11 12 | 12.9
Conjurations   | 2 3 |  3.5
Necromancy     | 1 3 |  3.0
Short Blades   | 1 |  1.4
Dodging        | |  2.4
Stealth        | |  2.4

Action                   |  1- 3 |  4- 6 |  7- 9 | 10-12 || total
-------------------------+-------+-------+-------+-------++-------
Melee: Dagger            |     4 |       |       |       ||     4
       Spear             |    13 |       |       |       ||    13
       Falchion          |       |    44 |       |       ||    44
       Rapier            |       |     4 |    19 |    14 ||    37
 Cast: Shock             |    73 |    67 |     6 |     2 ||   148
       Swiftness         |     1 |       |       |     7 ||     8
       Airstrike         |       |    17 |   122 |   184 ||   323
       Static Discharge  |       |     2 |     1 |       ||     3
       Lightning Bolt    |       |       |     1 |     2 ||     3
  Use: Potion            |     2 |     2 |       |     8 ||    12
       Scroll            |       |       |     9 |     8 ||    17
 Stab: Sleeping          |     1 |     1 |       |       ||     2
  Eat: Chunk             |     3 |     8 |    15 |     9 ||    35
       Ration            |       |     1 |       |     1 ||     2
Armor: Robe              |     9 |    12 |     7 |    13 ||    41
       Skin              |     8 |    30 |       |       ||    38
Dodge: Dodged            |    40 |    23 |    17 |    25 ||   105
Block: Other             |       |       |     2 |     3 ||     5
       Rpst.: Falchion   |       |     8 |       |       ||     8
